General information
- name: BNet
- type: Ladder team game (AT/RT)
- host: Battle.net
- saver: dirtmcwordup
map: RiverOfSouls
- players: 6
- length: 17:05
- speed: Fast
- version: 1.21 W3XP
- replay type:

» download(140 KB)
Players
team 1 (winner)

»
dirtmcwordup (
orange | 86 APM | 1462 actions | 17:05)
2 Archmage
1 Summon Water Elemental
1 Brilliance Aura
» actions
| Assign group hotkey | 19 | |
| Basic commands | 39 | |
| Build / train | 55 | |
| ESC pressed | 4 | |
| Enter build submenu | 52 | |
| Enter hero's abilities submenu | 2 | |
| Right click | 640 | |
| Select / deselect | 210 | |
| Select group hotkey | 352 | |
| Use ability | 89 | |
1462 total
» units
| Peasant | 20 | |
| Footman | 3 | |
| Mortar Team | 4 | |
| Flying Machine | 1 | |
28 total
» upgrades
| Masonry | 2 | |
| Lumber Harvesting | 1 | |
| Gunpowder | 1 | |
4 total
» buildings
| Altar of Kings | 2 | |
| Farm | 6 | |
| Lumber Mill | 1 | |
| Barracks | 1 | |
| Scout Tower | 34 | |
| Guard Tower | 17 | |
| Arcane Vault | 1 | |
| Arcane Tower | 1 | |
| Keep | 1 | |
| Blacksmith | 1 | |
| Workshop | 2 | |
| Castle | 1 | |
| Town Hall | 1 | |
69 total
» build order
00:12 Altar of Kings
00:19 Farm
00:32 Lumber Mill
01:23 Farm
01:52 Barracks
02:29 Scout Tower
02:53 Farm
03:13 Scout Tower
03:14 Scout Tower
03:15 Scout Tower
03:16 Scout Tower
03:39 Scout Tower
03:50 Guard Tower
04:00 Scout Tower
04:02 Arcane Vault
04:06 Guard Tower
04:16 Arcane Tower
04:29 Guard Tower
04:50 Scout Tower
05:14 Scout Tower
05:19 Guard Tower
05:22 Scout Tower
05:37 Scout Tower
05:38 Scout Tower
05:39 Scout Tower
05:43 Keep
05:45 Farm
05:46 Scout Tower
06:22 Blacksmith
06:24 Guard Tower
06:35 Scout Tower
06:37 Scout Tower
06:43 Scout Tower
06:44 Scout Tower
06:48 Scout Tower
07:57 Guard Tower
08:20 Scout Tower
08:23 Farm
08:27 Workshop
09:09 Scout Tower
09:09 Scout Tower
09:10 Scout Tower
09:37 Workshop
09:38 Guard Tower
09:50 Guard Tower
10:05 Guard Tower
10:45 Scout Tower
10:46 Scout Tower
11:18 Guard Tower
11:26 Guard Tower
13:17 Castle
13:21 Farm
13:22 Scout Tower
13:23 Scout Tower
14:09 Town Hall
14:13 Scout Tower
14:14 Scout Tower
14:34 Guard Tower
14:39 Scout Tower
14:42 Scout Tower
14:44 Scout Tower
14:56 Guard Tower
14:59 Scout Tower
15:01 Scout Tower
15:13 Guard Tower
15:31 Guard Tower
15:47 Guard Tower
16:07 Guard Tower
16:08 Altar of Kings

»
iggy_the_fisk (
blue | 81 APM | 1378 actions | 17:04)
3 Archmage
2 Summon Water Elemental
1 Brilliance Aura
2 Mountain King
1 Storm Bolt
1 Bash
» actions
| Assign group hotkey | 25 | |
| Basic commands | 42 | |
| Build / train | 61 | |
| Enter build submenu | 17 | |
| Enter hero's abilities submenu | 5 | |
| Remove unit from queue | 1 | |
| Right click | 813 | |
| Select / deselect | 281 | |
| Select group hotkey | 88 | |
| Use ability | 45 | |
1378 total
» units
| Peasant | 9 | |
| Footman | 11 | |
| Sorceress | 9 | |
| Priest | 10 | |
| Knight | 3 | |
42 total
» upgrades
| Defend | 1 | |
| Sorceress Training | 2 | |
| Priest Training | 2 | |
| Animal War Training | 1 | |
| Swords | 1 | |
7 total
» buildings
| Altar of Kings | 1 | |
| Farm | 10 | |
| Barracks | 1 | |
| Keep | 1 | |
| Arcane Sanctum | 2 | |
| Castle | 1 | |
| Blacksmith | 1 | |
| Lumber Mill | 1 | |
18 total
» build order
00:07 Altar of Kings
00:18 Farm
00:43 Barracks
00:48 Farm
01:55 Farm
02:43 Keep
04:07 Farm
05:10 Arcane Sanctum
05:57 Arcane Sanctum
06:19 Farm
06:20 Farm
08:26 Farm
09:17 Farm
09:17 Farm
11:21 Farm
11:53 Castle
13:19 Blacksmith
14:17 Lumber Mill
» items
mata. (
pink | 169 APM | 2882 actions | 17:04)
3 Warden
2 Shadow Strike
1 Fan of Knives
4 Naga Sea Witch
2 Frost Arrows
2 Forked Lightning
» actions
| Assign group hotkey | 497 | |
| Basic commands | 19 | |
| Build / train | 66 | |
| ESC pressed | 1 | |
| Enter build submenu | 19 | |
| Enter hero's abilities submenu | 7 | |
| Right click | 1438 | |
| Select / deselect | 448 | |
| Select group hotkey | 298 | |
| Use ability | 89 | |
2882 total
» units
» upgrades
» buildings
| Altar of Elders | 1 | |
| Moon Well | 6 | |
| Ancient of War | 3 | |
| Tree of Ages | 3 | |
| Hunter's Hall | 1 | |
| Tree of Life | 3 | |
| Ancient of Lore | 2 | |
| Tree of Eternity | 3 | |
22 total
» build order
00:05 Altar of Elders
00:30 Moon Well
00:51 Ancient of War
02:42 Ancient of War
03:36 Ancient of War
04:13 Tree of Ages
04:13 Tree of Ages
05:14 Hunter's Hall
05:41 Moon Well
05:42 Moon Well
05:57 Tree of Life
06:37 Ancient of Lore
06:38 Ancient of Lore
11:36 Moon Well
11:37 Moon Well
11:37 Moon Well
13:07 Tree of Eternity
13:07 Tree of Eternity
13:16 Tree of Life
13:18 Tree of Life
» items
| Staff of Teleportation | 1 | |
| Boots of Speed | 1 | |
| Scroll of Town Portal | 1 | |
| Scroll of Healing | 1 | |
4 total
team 2 (loser)
ERR. (
yellow | 96 APM | 1636 actions | 17:00)
3 Death Knight
2 Death Coil
1 Unholy Aura
2 Lich
1 Frost Nova
1 Frost Armor
» actions
| Assign group hotkey | 26 | |
| Basic commands | 33 | |
| Build / train | 49 | |
| ESC pressed | 1 | |
| Enter build submenu | 19 | |
| Enter hero's abilities submenu | 5 | |
| Right click | 956 | |
| Select / deselect | 225 | |
| Select group hotkey | 269 | |
| Use ability | 53 | |
1636 total
» units
| Acolyte | 4 | |
| Ghoul | 3 | |
| Crypt Fiend | 14 | |
| Necromancer | 7 | |
| Obsidian Statue | 2 | |
| Frost Wyrm | 2 | |
32 total
» upgrades
| Creature Attack | 1 | |
| Creature Carapace | 1 | |
| Necromancer Training | 1 | |
3 total
» buildings
| Graveyard | 1 | |
| Crypt | 1 | |
| Altar of Darkness | 1 | |
| Ziggurat | 8 | |
| Tomb of Relics | 1 | |
| Halls of the Dead | 1 | |
| Slaughterhouse | 2 | |
| Temple of the Damned | 1 | |
| Sacrificial Pit | 1 | |
| Black Citadel | 4 | |
| Boneyard | 2 | |
| Spirit Tower | 1 | |
24 total
» build order
00:10 Graveyard
00:14 Crypt
00:20 Altar of Darkness
00:30 Ziggurat
01:05 Tomb of Relics
01:27 Ziggurat
04:25 Halls of the Dead
05:54 Ziggurat
06:53 Slaughterhouse
06:54 Temple of the Damned
06:57 Slaughterhouse
06:59 Sacrificial Pit
07:03 Ziggurat
07:04 Ziggurat
07:06 Ziggurat
07:53 Black Citadel
07:53 Black Citadel
07:54 Black Citadel
11:09 Boneyard
11:10 Boneyard
13:16 Ziggurat
14:53 Ziggurat
15:39 Spirit Tower
» items
sprite. (
purple | 62 APM | 1059 actions | 17:02)
3 Keeper of the Grove
2 Entangling Roots
1 Thorns Aura
» actions
| Assign group hotkey | 2 | |
| Basic commands | 5 | |
| Build / train | 28 | |
| ESC pressed | 1 | |
| Enter build submenu | 9 | |
| Enter hero's abilities submenu | 3 | |
| Remove unit from queue | 6 | |
| Right click | 793 | |
| Select / deselect | 154 | |
| Select group hotkey | 13 | |
| Use ability | 45 | |
1059 total
» units
» buildings
| Altar of Elders | 1 | |
| Moon Well | 2 | |
| Ancient of War | 2 | |
| Hunter's Hall | 1 | |
| Tree of Life | 1 | |
7 total
» build order
00:06 Altar of Elders
00:20 Moon Well
00:58 Ancient of War
01:56 Hunter's Hall
02:45 Ancient of War
04:38 Moon Well
06:23 Tree of Life
STON3 (
teal | 74 APM | 1255 actions | 17:03)
3 Priestess of the Moon
1 Searing Arrows
2 Trueshot Aura
» actions
| Assign group hotkey | 22 | |
| Basic commands | 116 | |
| Build / train | 37 | |
| ESC pressed | 1 | |
| Enter build submenu | 12 | |
| Enter hero's abilities submenu | 3 | |
| Right click | 571 | |
| Select / deselect | 277 | |
| Select group hotkey | 185 | |
| Use ability | 31 | |
1255 total
» units
» upgrades
| Strength of the Moon | 1 | |
| Moon Armor | 1 | |
2 total
» buildings
| Altar of Elders | 2 | |
| Moon Well | 4 | |
| Ancient of War | 2 | |
| Hunter's Hall | 1 | |
| Ancient Protector | 2 | |
| Tree of Life | 1 | |
12 total
» build order
00:03 Altar of Elders
00:17 Moon Well
01:28 Ancient of War
01:32 Hunter's Hall
01:58 Ancient of War
02:33 Moon Well
03:18 Moon Well
06:50 Ancient Protector
06:54 Ancient Protector
08:20 Altar of Elders
08:32 Moon Well
13:59 Tree of Life
Chat log
(00:02 / Allies) dirtmcwordup: scout garg feed
(00:08 / Allies) dirtmcwordup: get ready to tower u
(00:09 / Allies) dirtmcwordup: up
(00:10 / Allies) mata.: lets tower rush imho..
(00:14 / Allies) dirtmcwordup: scout ud
(00:15 / Allies) dirtmcwordup: we trush
(00:16 / Allies) mata.: and also bases i guess against garg
(00:39 / All) dirtmcwordup: gl hf
(00:54 / Allies) mata.: lets assume it's garg feed
(01:01 / Allies) dirtmcwordup: scout which one he is
(01:02 / Allies) mata.: kill the feeders
(01:03 / Allies) dirtmcwordup: so we can rush him.
(01:12 / Allies) dirtmcwordup: ok
(01:14 / Allies) dirtmcwordup: ill rush other nelf.
(01:29 / Allies) mata.: maybe we're wrong
(01:31 / Allies) mata.: maybe it's hunt hunt fiend
(01:34 / Allies) dirtmcwordup: welp
(01:37 / Allies) dirtmcwordup: im makig towers
(01:41 / Allies) mata.: in the ne base?
(01:43 / Allies) dirtmcwordup: didnt make a rax
(01:44 / Allies) dirtmcwordup: yes
(01:50 / Allies) mata.: why no rax
(01:59 / Allies) dirtmcwordup: om case i had to tower my base
(02:07 / Allies) dirtmcwordup: this guy got footes.
(02:10 / Allies) dirtmcwordup: nope he dont
(02:12 / Allies) mata.: hehe stuck kotg
(02:53 / Allies) mata.: need help tho
(03:27 / Allies) mata.: dk dk
(04:56 / Allies) iggy_the_fisk: fuck your trees
(04:58 / Allies) iggy_the_fisk: every finishing blow man
(05:02 / Allies) mata.: :T
(05:03 / Allies) iggy_the_fisk: it's just mean
(05:48 / Allies) mata.: i'll manner ex, get the main
(06:10 / Allies) mata.: aight no more towers
(06:11 / Allies) mata.: get mort or something
(06:52 / Allies) mata.: i need lumbre
(06:57 / Allies) dirtmcwordup: so do i.
(07:18 / Allies) mata.: need me?
(07:27 / Allies) mata.: assuming yes
(07:29 / All) mata.: gg...
(08:08 / Allies) mata.: lol.
(08:14 / Allies) iggy_the_fisk: optimisn
(08:27 / Allies) mata.: he'sg oing for that haha
(08:46 / Allies) dirtmcwordup: these are up
(09:29 / Allies) dirtmcwordup: fight at tower
(10:26 / Allies) dirtmcwordup: b
(10:33 / Allies) dirtmcwordup: towers are 80%
(10:34 / Allies) mata.: ff:ed the mancers
(10:35 / Allies) dirtmcwordup: 905
(11:40 / Allies) dirtmcwordup: opening back
(13:11 / Allies) mata.: anyone nede gold
(13:14 / Allies) iggy_the_fisk: yea
(14:18 / All) mata.: you can win
(14:22 / Allies) mata.: we've beefed with these guys before i know this
(14:27 / Allies) mata.: i remember ston3
(14:39 / Allies) mata.: well w/o
(14:45 / Allies) iggy_the_fisk: we should just not revive our heroes
(14:49 / Allies) iggy_the_fisk: they're not working out for us
(14:56 / Allies) dirtmcwordup: gold
(15:00 / Allies) mata.: brb buynig tp